[Event "Titled Tuesday Blitz June 15 2021"]
[White "Kim, Sergey"]
[Black "Real De Azua, Ernesto"]
[WhiteFideId "13700570"]
[BlackFideId "108154"]
[WhiteElo "2493"]
[BlackElo "2476"]
[Result "1/2-1/2"]
[Round "08"]
[TimeControl "180+1"]
[Date "2021.06.15"]
[WhiteClock "0:00:11"]
[BlackClock "0:00:08"]

1. d4 f5 2. c4 Nf6 3. g3 g6 4. Bg2 Bg7 5. Nf3 O-O 6. O-O d6 7. Nc3 c6 8. Re1 Ne4 9. Qd3 Be6 10. d5 Nc5 11. Qc2 cxd5 12. cxd5 Bf7 13. Ng5 Nbd7 14. Nxf7 Rxf7 15. Be3 Rc8 16. Rac1 Ne5 17. Qd1 a5 18. Bd4 Rf8 19. b3 Ned7 20. Nb5 Bxd4 21. Nxd4 Qb6 22. Qd2 Qb4 23. Qf4 Ne5 24. Qh4 Rc7 25. a3 Qb6 26. Red1 Rfc8 27. Rc3 Ng4 28. h3 Nf6 29. Re3 Nce4 30. Bxe4 Nxe4 31. Ne6 Rd7 32. Kg2 Rc3 33. Rdd3 Rxd3 34. exd3 Nf6 35. Ng5 Qxb3 36. Qd4 Qxd5+ 37. Qxd5+ Nxd5 38. Re1 b5 39. Rc1 Rc7 40. Rb1 b4 41. axb4 axb4 42. Ne6 Rc3 43. d4 Kf7 44. Ng5+ Kg7 45. Nf3 b3 46. Nd2 Rd3 47. Nxb3 e5 48. dxe5 dxe5 49. Nc5 Rd2 50. Rb7+ Kh6 51. Ne6 e4 52. Kf1 Nf6 53. Nf4 Rd6 54. h4 g5 55. hxg5+ Kxg5 56. Rg7+ Kh6 57. Rf7 Nd5 58. Rxf5 Nxf4 59. Rxf4 Re6 60. Kg2 e3 61. fxe3 Rxe3 62. Kh3 Kg7 63. Kg4 Re6 64. Kh4 Rg6 65. Rg4 Rxg4+ 66. Kxg4 Kg6 67. Kh4 h5 68. g4 hxg4 69. Kxg4 1/2-1/2


[Site "https://www.chess.com"]

[Event "Titled Tuesday Blitz June 15 2021"]
[White "Kislov, Oleg"]
[Black "Tsotsonava, Elene"]
[WhiteFideId "13503774"]
[BlackFideId "13615939"]
[WhiteElo "2252"]
[BlackElo "1847"]
[Result "1-0"]
[Round "08"]
[TimeControl "180+1"]
[Date "2021.06.15"]
[WhiteClock "0:00:11"]
[BlackClock "0:00:12"]

1. e4 c5 2. Nf3 e6 3. c3 Nf6 4. e5 Nd5 5. d4 cxd4 6. cxd4 d6 7. Nc3 Nxc3 8. bxc3 Qc7 9. Bd2 Nd7 10. exd6 Bxd6 11. Bd3 b6 12. Ng5 Bb7 13. Ne4 Bf4 14. Bxf4 Qxf4 15. Qe2 O-O 16. g3 Qc7 17. O-O Qc6 18. f3 Rac8 19. c4 Rfd8 20. Rac1 Nf8 21. Qf2 Qd7 22. c5 Qxd4 23. Qxd4 Rxd4 24. Nd6 Rxd3 25. Nxc8 Bxc8 26. cxb6 Bb7 27. Rc7 Bd5 28. b7 Bxb7 29. Rxb7 Ra3 30. Rc1 g6 31. Rcc7 Rxf3 32. Rxa7 e5 33. a4 e4 34. Ra8 Kg7 35. Kg2 Ne6 36. Rd7 Ra3 37. a5 Kf6 38. a6 Nc5 39. Rd6+ Ke5 40. Rb6 Ra2+ 41. Kh3 e3 42. a7 Ne6 43. Rb1 h6 44. Kg4 f5+ 45. Kf3 e2 46. Kf2 Nd4 47. Re8+ Kf6 48. a8=Q Rxa8 49. Rxa8 Ke5 50. Ra4 Ke4 51. Rxd4+ Kxd4 52. Kxe2 Ke5 53. Kf3 Kf6 54. Rb5 Kg5 55. h4+ Kf6 56. Kf4 g5+ 57. hxg5+ hxg5+ 58. Kf3 Ke6 59. Ke3 Kf6 60. Kd4 Ke6 61. Rb6+ Kf7 62. Ke5 f4 63. gxf4 gxf4 64. Kxf4 1-0


[Site "https://www.chess.com"]

[Event "Titled Tuesday Blitz June 15 2021"]
[White "Kollars, Dmitrij"]
[Black "Eljanov, Pavel"]
[WhiteFideId "12909572"]
[BlackFideId "14102951"]
[WhiteElo "2576"]
[BlackElo "2602"]
[Result "0-1"]
[Round "08"]
[TimeControl "180+1"]
[Date "2021.06.15"]
[WhiteClock "0:00:02"]
[BlackClock "0:00:24"]

1. c4 Nf6 2. Nc3 e5 3. Nf3 Nc6 4. e3 Bb4 5. Qc2 O-O 6. Nd5 a5 7. Qf5 Nxd5 8. cxd5 d6 9. Qh5 Ne7 10. Bc4 b5 11. Bxb5 Nxd5 12. O-O Bb7 13. a3 Bc5 14. d4 Nf6 15. Qh4 Bxf3 16. dxc5 Bd5 17. cxd6 cxd6 18. Rd1 Bb3 19. Re1 Qb6 20. a4 Rac8 21. Ra3 Be6 22. e4 Rc2 23. Bd3 Qb4 24. Rf1 Rc7 25. f3 Rfc8 26. Bg5 Qxb2 27. Raa1 Qd4+ 28. Kh1 Qxd3 29. Bxf6 gxf6 30. Qxf6 Qe3 31. f4 exf4 32. Qg5+ Kf8 33. Rae1 Qc3 34. Qxf4 Qe5 35. Qh6+ Ke7 36. Qh4+ Kd7 37. h3 h5 38. Qf2 Rc2 39. Qa7+ R8c7 40. Qb6 Qg3 0-1


[Site "https://www.chess.com"]

[Event "Titled Tuesday Blitz June 15 2021"]
[White "Lauridsen, Jesper Morch"]
[Black "Zverev, Lev"]
[WhiteFideId "1401890"]
[BlackFideId "24250775"]
[WhiteElo "2250"]
[BlackElo "2109"]
[Result "0-1"]
[Round "08"]
[TimeControl "180+1"]
[Date "2021.06.15"]
[WhiteClock "0:00:14"]
[BlackClock "0:01:28"]

1. e4 c5 2. Nf3 d6 3. d4 cxd4 4. Nxd4 Nf6 5. Nc3 a6 6. Bc4 e6 7. a4 Be7 8. O-O O-O 9. Ba2 Nbd7 10. f4 Qc7 11. f5 e5 12. Nf3 b6 13. Nd5 Nxd5 14. Bxd5 Bb7 15. Bg5 Bxg5 16. Nxg5 Bxd5 17. Qxd5 Nf6 18. Qd3 Rad8 19. Rad1 d5 20. exd5 Nxd5 21. c3 Nf4 22. Qe4 Rxd1 23. Rxd1 Rd8 24. Rxd8+ Qxd8 25. Qxe5 Qd1+ 26. Kf2 Nd3+ 0-1


[Site "https://www.chess.com"]

[Event "Titled Tuesday Blitz June 15 2021"]
[White "Lazavik, Denis"]
[Black "Maze, Sebastien"]
[WhiteFideId "13515110"]
[BlackFideId "613762"]
[WhiteElo "2436"]
[BlackElo "2462"]
[Result "1-0"]
[Round "08"]
[TimeControl "180+1"]
[Date "2021.06.15"]
[WhiteClock "0:00:09"]
[BlackClock "0:00:08"]

1. d4 Nf6 2. c4 g6 3. g3 Bg7 4. Bg2 O-O 5. Nc3 d6 6. Nf3 c6 7. O-O Qa5 8. e4 e5 9. h3 Nbd7 10. Be3 Re8 11. d5 c5 12. a3 Qc7 13. Ne1 b6 14. Nd3 a6 15. Qe2 Kh8 16. Rfc1 Ng8 17. Qd2 f5 18. f4 exf4 19. Bxf4 Ne5 20. Nxe5 Bxe5 21. Re1 Qg7 22. exf5 Bxf5 23. g4 Bd7 24. Ne4 Bxf4 25. Qxf4 Qd4+ 26. Kh1 Qxb2 27. Nxd6 Rf8 28. Qg3 Qf2 29. Qxf2 Rxf2 30. Rab1 Rb8 31. Ne4 Rff8 32. Ng5 b5 33. Ne6 Rfc8 34. Rbc1 b4 35. axb4 cxb4 36. c5 b3 37. c6 b2 38. Rb1 Be8 39. d6 Bxc6 40. Bxc6 Rxc6 41. d7 Rd6 42. d8=Q Rbxd8 43. Nxd8 Rxd8 44. Rxb2 Rd7 45. Rb8 Kg7 46. Reb1 Kh6 47. Rxg8 1-0


[Site "https://www.chess.com"]

[Event "Titled Tuesday Blitz June 15 2021"]
[White "Leiva, Gianmarco"]
[Black "Nesterov, Arseniy"]
[WhiteFideId "3804399"]
[BlackFideId "24198455"]
[WhiteElo "2365"]
[BlackElo "2441"]
[Result "0-1"]
[Round "08"]
[TimeControl "180+1"]
[Date "2021.06.15"]
[WhiteClock "0:00:01"]
[BlackClock "0:00:14"]

1. d4 d5 2. c4 c6 3. Nf3 Nf6 4. e3 Bg4 5. h3 Bh5 6. g4 Bg6 7. Ne5 e6 8. Bg2 Nbd7 9. Nxg6 hxg6 10. Nd2 g5 11. O-O Bd6 12. Qc2 Rc8 13. c5 Bb8 14. f4 gxf4 15. exf4 Nf8 16. f5 Qc7 17. Nf3 Ne4 18. Ne5 f6 19. Bf4 fxe5 20. Bxe5 Qe7 21. Bxe4 Bxe5 22. dxe5 dxe4 23. f6 gxf6 24. exf6 Qc7 25. f7+ Ke7 26. Qc3 Nd7 27. Rad1 Rcf8 28. Kg2 Rh7 29. g5 Rhxf7 30. Rxf7+ Rxf7 31. g6 Rf6 32. g7 Rg6+ 33. Kf1 Qf4+ 34. Ke1 Rg1+ 35. Ke2 Rg2+ 0-1


[Site "https://www.chess.com"]

[Event "Titled Tuesday Blitz June 15 2021"]
[White "Liang, Jason"]
[Black "Arias, Juan Cruz"]
[WhiteFideId "30940303"]
[BlackFideId "118540"]
[WhiteElo "1976"]
[BlackElo "2083"]
[Result "1-0"]
[Round "08"]
[TimeControl "180+1"]
[Date "2021.06.15"]
[WhiteClock "0:01:44"]
[BlackClock "0:02:11"]

1. d3 d5 2. d4 c5 3. c3 cxd4 4. cxd4 Nc6 5. Nf3 Nf6 6. Nc3 Bf5 7. a3 e6 8. Bf4 Bd6 9. Bxd6 Qxd6 10. e3 O-O 11. Be2 a6 12. O-O Rfc8 13. Rc1 Nd7 14. Nd2 b5 15. b4 Nb6 16. Nb3 Nc4 17. Bxc4 bxc4 18. Nc5 a5 19. b5 Nb8 20. N3a4 Nd7 21. Nxd7 Qxd7 22. Nb6 Qxb5 23. Nxc8 Rxc8 24. Qd2 Bd3 25. Rfd1 a4 26. Qxd3 1-0


[Site "https://www.chess.com"]

[Event "Titled Tuesday Blitz June 15 2021"]
[White "Lodici, Lorenzo"]
[Black "Sukandar, Irine Kharisma"]
[WhiteFideId "884189"]
[BlackFideId "7101937"]
[WhiteElo "2265"]
[BlackElo "2313"]
[Result "0-1"]
[Round "08"]
[TimeControl "180+1"]
[Date "2021.06.15"]
[WhiteClock "0:01:31"]
[BlackClock "0:00:43"]

1. e4 e5 2. Nf3 d6 3. d3 Nf6 4. c4 Be7 5. Nc3 O-O 6. Be3 c6 7. d4 exd4 8. Nxd4 Re8 9. Be2 Bf8 10. Qc2 d5 11. cxd5 cxd5 12. O-O-O Nc6 13. Bf3 Nxd4 14. Rxd4 Bc5 15. Nxd5 Bxd4 16. Bxd4 Nxd5 17. exd5 Bd7 18. Kb1 Rc8 19. Qd2 Bf5+ 20. Ka1 Rc2 21. Qf4 Bg6 22. h4 Qa5 23. Be3 Qb5 24. Qd4 h5 25. d6 Rd8 26. Rd1 Rxd6 0-1


[Site "https://www.chess.com"]

[Event "Titled Tuesday Blitz June 15 2021"]
[White "Macovei, Andrei"]
[Black "Jumabayev, Rinat"]
[WhiteFideId "13904680"]
[BlackFideId "13702661"]
[WhiteElo "2439"]
[BlackElo "2535"]
[Result "0-1"]
[Round "08"]
[TimeControl "180+1"]
[Date "2021.06.15"]
[WhiteClock "0:00:04"]
[BlackClock "0:00:14"]

1. e4 d6 2. d4 g6 3. c3 Bg7 4. Nf3 Nc6 5. Bd3 e5 6. Be3 Nf6 7. O-O O-O 8. d5 Ne7 9. c4 Nd7 10. Nc3 f5 11. Ng5 Nf6 12. f3 Kh8 13. c5 c6 14. cxd6 Qxd6 15. dxc6 Nxc6 16. exf5 gxf5 17. Bc4 Qe7 18. Kh1 h6 19. Nh3 f4 20. Bg1 Bxh3 21. gxh3 Rad8 22. Qe1 Nd4 23. Rd1 Qc7 24. Bd3 Qc6 25. Ne4 Nd5 26. Rc1 Qb6 27. Qd2 a6 28. Bc4 Ne7 29. Qg2 Nef5 30. Qg4 Ne3 31. Bxe3 fxe3 32. Rg1 Qc7 33. Bb3 Qe7 34. Rgf1 e2 35. Rf2 Rf4 36. Qg3 Rdf8 37. Re1 Rxf3 38. Rxf3 Rxf3 39. Qg2 Qf8 40. Ng3 Rf2 41. Qg1 Qf3+ 0-1


[Site "https://www.chess.com"]

[Event "Titled Tuesday Blitz June 15 2021"]
[White "Maltsevskaya, Aleksandra"]
[Black "Andrews, Todd"]
[WhiteFideId "24174041"]
[BlackFideId "2012456"]
[WhiteElo "2225"]
[BlackElo "2433"]
[Result "1-0"]
[Round "08"]
[TimeControl "180+1"]
[Date "2021.06.15"]
[WhiteClock "0:01:54"]
[BlackClock "0:00:57"]

1. e4 e6 2. d4 d5 3. Nc3 Bb4 4. e5 c5 5. Bd2 Ne7 6. Nb5 Bxd2+ 7. Qxd2 O-O 8. f4 cxd4 9. Nf3 Nbc6 10. Nbxd4 f6 11. Bd3 Nxd4 12. Nxd4 fxe5 13. fxe5 Nc6 14. Nf3 Rxf3 15. gxf3 Nxe5 16. O-O-O Qf6 17. f4 Nc6 18. Rhg1 Bd7 19. h4 a5 20. h5 Nb4 21. a3 Nxd3+ 22. Qxd3 Qxf4+ 23. Kb1 Rc8 24. Rdf1 Qc4 25. Qd2 b5 26. Rxg7+ Kxg7 27. Qg5+ Kh8 28. Qf6+ Kg8 29. Rg1+ Qg4 30. Rxg4# 1-0


[Site "https://www.chess.com"]

[Event "Titled Tuesday Blitz June 15 2021"]
[White "Manafov, Vugar"]
[Black "Paravyan, David"]
[WhiteFideId "13410814"]
[BlackFideId "4194985"]
[WhiteElo "2274"]
[BlackElo "2562"]
[Result "0-1"]
[Round "08"]
[TimeControl "180+1"]
[Date "2021.06.15"]
[WhiteClock "0:00:06"]
[BlackClock "0:00:04"]

1. Nf3 Nf6 2. g3 g6 3. b3 Bg7 4. Bb2 c5 5. Bg2 d5 6. c4 d4 7. b4 Nfd7 8. O-O e5 9. e3 O-O 10. exd4 exd4 11. d3 Nc6 12. a3 Nde5 13. bxc5 Bg4 14. h3 Nxf3+ 15. Bxf3 Bxh3 16. Re1 Ne5 17. Bd5 Bg4 18. f3 Bf5 19. Be4 Bxe4 20. Rxe4 f5 21. Re1 f4 22. g4 Qh4 23. Rxe5 Bxe5 24. Nd2 Qg3+ 25. Kh1 h5 26. Qe1 hxg4 27. Qxe5 gxf3 28. Qd5+ Rf7 29. Nxf3 Qh3+ 30. Kg1 Qg3+ 31. Kf1 Qh3+ 32. Kf2 Qg3+ 33. Ke2 Qg2+ 34. Kd1 Qxb2 35. Rc1 Qg2 36. Rc2 Qh1+ 37. Kd2 Re8 38. Rb2 Qg2+ 39. Kc1 Qh1+ 40. Kc2 Re2+ 41. Nd2 Qxd5 42. cxd5 f3 43. Kd1 Rxd2+ 44. Rxd2 f2 45. Rxf2 Rxf2 46. c6 bxc6 47. Ke1 Rf6 0-1


[Site "https://www.chess.com"]

[Event "Titled Tuesday Blitz June 15 2021"]
[White "Martinez Alcantara, Jose Eduardo"]
[Black "Najdin, Danil"]
[WhiteFideId "3805662"]
[BlackFideId "4172426"]
[WhiteElo "2690"]
[BlackElo "2193"]
[Result "0-1"]
[Round "08"]
[TimeControl "180+1"]
[Date "2021.06.15"]
[WhiteClock "0:00:02"]
[BlackClock "0:00:15"]

1. e4 e5 2. Nf3 Nc6 3. Bb5 a6 4. Ba4 Nf6 5. d3 b5 6. Bb3 Bc5 7. c3 d6 8. Qe2 h6 9. h3 Bd7 10. Nbd2 Bb6 11. Nf1 Ne7 12. g4 g5 13. h4 Nxg4 14. d4 Ng6 15. hxg5 exd4 16. cxd4 h5 17. Ng3 Qe7 18. a4 O-O-O 19. axb5 Bxb5 20. Bc4 h4 21. Nf5 Qd7 22. Bxb5 axb5 23. Rg1 h3 24. Rxg4 h2 25. Nxh2 Rxh2 26. Ra8+ Kb7 27. Rxd8 Qxd8 28. Be3 Qa8 29. Qc2 Qa1+ 30. Ke2 Rh1 31. Ng3 Qe1+ 32. Kd3 c6 33. Nxh1 c5 34. dxc5 Ne5+ 0-1


[Site "https://www.chess.com"]

[Event "Titled Tuesday Blitz June 15 2021"]
[White "Materia, Marco"]
[Black "Seo, Jung Min"]
[WhiteFideId "45150451"]
[BlackFideId "1734687"]
[WhiteElo "2612"]
[BlackElo "2486"]
[Result "1-0"]
[Round "08"]
[TimeControl "180+1"]
[Date "2021.06.15"]
[WhiteClock "0:00:34"]
[BlackClock "0:00:17"]

1. d4 Nf6 2. c4 b6 3. Nc3 Bb7 4. Nf3 e6 5. Bg5 Bb4 6. Nd2 h6 7. Bh4 g5 8. Bg3 Bxc3 9. bxc3 d6 10. Qc2 Nbd7 11. e4 Qe7 12. Bd3 Nh5 13. a4 a5 14. Rb1 f5 15. Be2 Nxg3 16. hxg3 O-O-O 17. Bd3 e5 18. O-O f4 19. c5 dxc5 20. d5 fxg3 21. fxg3 Rdf8 22. Nc4 Rxf1+ 23. Bxf1 Rf8 24. Qb2 Ba8 25. d6 Qf6 26. dxc7 Kxc7 27. Qe2 Qg6 28. Re1 h5 29. Na3 h4 30. Nb5+ Kb8 31. Qg4 Bc6 32. gxh4 Rg8 33. h5 Qf6 34. Rd1 Qf4 35. Qe6 Rf8 36. Qd6+ 1-0


[Site "https://www.chess.com"]

[Event "Titled Tuesday Blitz June 15 2021"]
[White "Matinian, Nikita"]
[Black "Levine, Joseph"]
[WhiteFideId "24129100"]
[BlackFideId "30940346"]
[WhiteElo "2410"]
[BlackElo "1785"]
[Result "1-0"]
[Round "08"]
[TimeControl "180+1"]
[Date "2021.06.15"]
[WhiteClock "0:00:09"]
[BlackClock "0:00:04"]

1. e4 e6 2. d3 d5 3. Nd2 Nf6 4. e5 Nfd7 5. Ngf3 c5 6. c3 Nc6 7. d4 cxd4 8. cxd4 Qb6 9. Nb3 a5 10. a4 Bb4+ 11. Ke2 f6 12. exf6 Nxf6 13. Be3 Qc7 14. g3 b6 15. Qc2 Ba6+ 16. Kd1 Bxf1 17. Rxf1 Rc8 18. Rc1 Qb7 19. Ne5 Ne7 20. Qd3 O-O 21. Ke2 Ne4 22. f3 Nd6 23. g4 b5 24. axb5 a4 25. Nc5 Bxc5 26. dxc5 Nxb5 27. Rc2 Nc6 28. Nxc6 Qxc6 29. f4 Rcd8 30. f5 d4 31. Bg5 e5 32. Bxd8 e4 33. Qc4+ Kh8 34. Be7 Re8 35. Qe6 Qxe6 36. fxe6 d3+ 37. Kd2 dxc2 38. Kxc2 Kg8 39. Bd6 Nd4+ 40. Kc3 Nxe6 41. Kc4 Ng5 42. Re1 Nf3 43. Re3 Kf7 44. Kd5 Rb8 45. c6 Rxb2 46. c7 Rc2 47. Kxe4 Ng5+ 48. Kd5 a3 49. Rxa3 Ne6 50. Ra7 Nxc7+ 51. Rxc7+ Rxc7 52. Bxc7 Kg6 53. Bf4 h5 54. h3 hxg4 55. hxg4 Kf6 56. Ke4 Kg6 57. Be3 Kf6 58. Kf4 Kg6 59. Bd4 Kh6 60. Kf5 g6+ 61. Kf4 Kh7 62. Kg5 Kg8 63. Kxg6 Kf8 64. g5 Kg8 65. Kf6 Kh7 66. g6+ Kg8 67. Bc5 Kh8 68. Bb4 Kg8 69. g7 Kh7 70. Kf7 1-0


[Site "https://www.chess.com"]

[Event "Titled Tuesday Blitz June 15 2021"]
[White "Mekhitarian, Krikor Sevag"]
[Black "Palchuk, Andrii"]
[WhiteFideId "2107660"]
[BlackFideId "14176688"]
[WhiteElo "2598"]
[BlackElo "2267"]
[Result "1-0"]
[Round "08"]
[TimeControl "180+1"]
[Date "2021.06.15"]
[WhiteClock "0:02:15"]
[BlackClock "0:02:02"]

1. e4 e5 2. Bc4 Nf6 3. d3 Nc6 4. Nc3 Na5 5. Qf3 d6 6. Nge2 Be7 7. O-O O-O 8. a4 Nxc4 9. dxc4 Be6 10. b3 Nd7 11. Ng3 c6 12. Be3 g6 13. Bh6 Re8 14. Rad1 Qc7 15. Nf5 gxf5 16. Qg3+ 1-0


[Site "https://www.chess.com"]

[Event "Titled Tuesday Blitz June 15 2021"]
[White "Michailov, Matias"]
[Black "Nguyen, Quoc Hy"]
[WhiteFideId "3001571"]
[BlackFideId "12410853"]
[WhiteElo "2231"]
[BlackElo "1975"]
[Result "1/2-1/2"]
[Round "08"]
[TimeControl "180+1"]
[Date "2021.06.15"]
[WhiteClock "0:02:04"]
[BlackClock "0:01:34"]

1. d4 d5 2. c4 c6 3. Nf3 e6 4. Qc2 f5 5. g3 Nf6 6. Bg2 Bd6 7. O-O O-O 8. Bf4 Bxf4 9. gxf4 Bd7 10. Nc3 Be8 11. b4 Bh5 12. Ne5 Nbd7 13. b5 Nxe5 14. fxe5 Ne4 15. f3 Nxc3 16. Qxc3 f4 17. Rab1 Rf5 18. Kh1 Be8 19. Bh3 Rh5 20. Bxe6+ Kh8 21. Bg4 Rxh2+ 22. Kxh2 Qh4+ 23. Kg2 Qg3+ 24. Kh1 Qh4+ 25. Kg2 Qg3+ 26. Kh1 Qh4+ 27. Kg2 1/2-1/2


[Site "https://www.chess.com"]

[Event "Titled Tuesday Blitz June 15 2021"]
[White "Murzin, Volodar"]
[Black "Javakhadze, Zurab"]
[WhiteFideId "44155573"]
[BlackFideId "13603647"]
[WhiteElo "2541"]
[BlackElo "2381"]
[Result "0-1"]
[Round "08"]
[TimeControl "180+1"]
[Date "2021.06.15"]
[WhiteClock "0:00:03"]
[BlackClock "0:00:40"]

1. e4 e5 2. Nf3 Nc6 3. Bb5 a6 4. Ba4 Nf6 5. d3 d6 6. c3 g6 7. O-O Bg7 8. h3 O-O 9. Be3 h6 10. Nbd2 b5 11. Bc2 d5 12. Rc1 Be6 13. Nb3 Nd7 14. Re1 dxe4 15. dxe4 Qe7 16. Nbd2 Rfd8 17. Bb3 Na5 18. Bxe6 Qxe6 19. b3 Nb7 20. c4 c6 21. Qe2 Bf8 22. Rc2 Ndc5 23. h4 Rd7 24. h5 Rad8 25. hxg6 fxg6 26. Nh2 Nd3 27. Rf1 Nf4 28. Bxf4 exf4 29. cxb5 cxb5 30. e5 Nc5 31. Nhf3 Nd3 32. Qe4 g5 33. Rc6 Qd5 34. Qg6+ Kh8 35. Rf6 Bg7 36. Ne4 Nxe5 37. Nxe5 Qxe5 38. Re6 Qd5 39. Re1 Rf8 40. Nf6 Bxf6 41. Rxf6 Rg8 42. Re8 Rg7 43. Qxh6+ Rh7 44. Rxg8+ Qxg8 45. Rf8 Rxh6 46. Rxg8+ Kxg8 0-1


[Site "https://www.chess.com"]

[Event "Titled Tuesday Blitz June 15 2021"]
[White "Nakamura, Hikaru"]
[Black "Rustemov, Alexander"]
[WhiteFideId "2016192"]
[BlackFideId "4119002"]
[WhiteElo "2900"]
[BlackElo "2721"]
[Result "1-0"]
[Round "08"]
[TimeControl "180+1"]
[Date "2021.06.15"]
[WhiteClock "0:01:14"]
[BlackClock "0:00:02"]

1. e4 e6 2. d3 d5 3. Nd2 c5 4. Ngf3 Nc6 5. g3 g6 6. Bg2 Bg7 7. O-O Nge7 8. Re1 b6 9. Qe2 Qc7 10. Nf1 dxe4 11. dxe4 e5 12. c3 h6 13. Ne3 Be6 14. Nd5 Qc8 15. Rd1 O-O 16. Be3 Rd8 17. Ne1 Kh7 18. Rd2 Rd7 19. Rad1 Qb7 20. h4 Rad8 21. h5 g5 22. Nc2 Kh8 23. Na3 Na5 24. b3 Nac6 25. Nb5 a6 26. Na3 Na5 27. Nc2 Nac6 28. a3 Na5 29. Rb1 Nxd5 30. exd5 Bf5 31. b4 cxb4 32. cxb4 Rxd5 33. Rxd5 Rxd5 34. bxa5 b5 35. Nb4 1-0


[Site "https://www.chess.com"]

[Event "Titled Tuesday Blitz June 15 2021"]
[White "Navalgund, Niranjan"]
[Black "Mezentsev, Ivan"]
[WhiteFideId "5030854"]
[BlackFideId "13706195"]
[WhiteElo "2290"]
[BlackElo "2295"]
[Result "0-1"]
[Round "08"]
[TimeControl "180+1"]
[Date "2021.06.15"]
[WhiteClock "0:01:13"]
[BlackClock "0:01:07"]

1. e4 d5 2. exd5 Nf6 3. Nc3 Nxd5 4. Bc4 Nb6 5. Bb3 c5 6. d3 Nc6 7. Nf3 Bf5 8. Bg5 h6 9. Bh4 g5 10. Bg3 Bg7 11. Qd2 O-O 12. O-O Rc8 13. Rad1 Bg4 14. h4 Nd4 15. Qe3 e6 16. hxg5 hxg5 17. Nxg5 Bxd1 18. Nxd1 Nd5 19. Bxd5 exd5 20. f4 Re8 21. Qd2 Re2 22. Qc1 Qd7 23. c3 Qg4 24. Kh2 Rc6 25. cxd4 Rh6+ 26. Kg1 Qxg3 27. Rf2 Re1+ 28. Rf1 Bxd4+ 0-1


[Site "https://www.chess.com"]

[Event "Titled Tuesday Blitz June 15 2021"]
[White "Nazaretyan, Tigran"]
[Black "DieHardCuban"]
[WhiteFideId "24162345"]
[WhiteElo "2247"]
[BlackElo "2419"]
[Result "1-0"]
[Round "08"]
[TimeControl "180+1"]
[Date "2021.06.15"]
[WhiteClock "0:00:19"]
[BlackClock "0:00:01"]

1. d4 d5 2. c4 e6 3. Nf3 c6 4. Nbd2 Nf6 5. b3 Nbd7 6. Bb2 Qa5 7. a3 dxc4 8. b4 Qh5 9. Nxc4 Nb6 10. Nce5 a5 11. b5 c5 12. Rc1 c4 13. e3 Bd7 14. Nxc4 Nxc4 15. Bxc4 Bxb5 16. Qb3 Bxc4 17. Rxc4 b5 18. Ne5 Rb8 19. Rc6 Be7 20. Rc7 Bd6 21. Ra7 O-O 22. Rxa5 Bxe5 23. dxe5 Ne4 24. Rxb5 Rxb5 25. Qxb5 Qg6 26. O-O Nd2 27. Rc1 Nf3+ 28. Kh1 Qg4 29. h3 Qh5 30. Qe2 Qh4 31. Qxf3 Rb8 32. Bd4 Qh5 33. Qxh5 1-0


[Site "https://www.chess.com"]

[Event "Titled Tuesday Blitz June 15 2021"]
[White "Nestorovic, Nikola"]
[Black "SpeedofLight0"]
[WhiteFideId "934526"]
[WhiteElo "2411"]
[BlackElo "2814"]
[Result "0-1"]
[Round "08"]
[TimeControl "180+1"]
[Date "2021.06.15"]
[WhiteClock "0:00:05"]
[BlackClock "0:00:04"]

1. e4 c5 2. Nf3 Nc6 3. d4 cxd4 4. Nxd4 Nf6 5. Nc3 e5 6. Ndb5 d6 7. Bg5 a6 8. Na3 b5 9. Nd5 Be7 10. Bxf6 Bxf6 11. c4 b4 12. Nc2 O-O 13. g3 Rb8 14. b3 Be6 15. Bg2 Bxd5 16. exd5 Nd4 17. Nxd4 exd4 18. O-O d3 19. Rc1 Qa5 20. Qxd3 Qxa2 21. c5 dxc5 22. Rxc5 Rbc8 23. Rc6 a5 24. Qc4 Rcd8 25. Ra6 Rc8 26. Rc6 Rcd8 27. Ra6 Rfe8 28. h4 Bc3 29. Ra7 Rf8 30. Bh3 g6 31. h5 Rde8 32. hxg6 hxg6 33. d6 Re2 34. Bg4 Re5 35. d7 Qd2 36. Rd1 Re1+ 37. Rxe1 Qxe1+ 38. Kg2 Qd2 39. Rc7 Bd4 40. Qe2 Qg5 41. Qe4 Bf6 42. Rc8 Kg7 43. Qc4 Rd8 44. Rxd8 Bxd8 45. Bf3 Qe5 46. Bd5 f5 47. Qc6 Qf6 48. Qc8 Qe7 49. Qc6 Qe5 50. Bf3 Qd4 51. Qc8 Bb6 52. Qc2 Qxd7 53. Qe2 Qd6 54. Qc4 Bd8 55. Be2 Be7 56. Qc8 Bf6 57. Bf3 Bd4 58. Qc4 Bc5 59. Qa6 Qxa6 0-1


[Site "https://www.chess.com"]

[Event "Titled Tuesday Blitz June 15 2021"]
[White "Novikov, Evgenij"]
[Black "Kretov, Evgenij"]
[WhiteFideId "4125380"]
[BlackFideId "4167821"]
[WhiteElo "2242"]
[BlackElo "2400"]
[Result "1-0"]
[Round "08"]
[TimeControl "180+1"]
[Date "2021.06.15"]
[WhiteClock "0:00:03"]
[BlackClock "0:00:34"]

1. d4 Nf6 2. Nf3 e6 3. c4 b6 4. g3 Ba6 5. Nbd2 c5 6. Bg2 Bb7 7. dxc5 Bxc5 8. O-O O-O 9. b3 Be7 10. Bb2 d6 11. Rc1 Nbd7 12. Qc2 Rc8 13. Rfd1 Qc7 14. Qb1 Rfd8 15. Nf1 Qb8 16. Ne3 h6 17. Qa1 Nc5 18. Ne1 Bxg2 19. N1xg2 b5 20. Nf4 bxc4 21. Nxc4 Nce4 22. Nd3 Qb7 23. Ne3 d5 24. Rxc8 Rxc8 25. Rc1 Ra8 26. Be5 a5 27. Rc7 Qb5 28. Rxe7 a4 29. bxa4 Rxa4 30. Bxf6 Nxf6 31. Rc7 d4 32. Ng2 e5 33. Rc5 Qa6 34. Rxe5 Rxa2 35. Qf1 Ra1 36. Nge1 Qa2 37. h3 Qd2 38. Kh2 g6 39. Qg2 Rxe1 40. Nxe1 Qxe1 41. Qf3 Kg7 42. Kg2 h5 43. Qd3 Qa1 44. Rc5 Qa8+ 45. f3 h4 46. gxh4 Qd8 47. Rc4 Qa5 48. Qxd4 Qe1 49. Rc2 Qb1 50. Rc6 Qe1 51. Qxf6+ Kh6 52. Qh8# 1-0


[Site "https://www.chess.com"]

[Event "Titled Tuesday Blitz June 15 2021"]
[White "Pastar, Slaven"]
[Black "Klimkowski, Jan"]
[WhiteFideId "14402718"]
[BlackFideId "21856222"]
[WhiteElo "2227"]
[BlackElo "1903"]
[Result "0-1"]
[Round "08"]
[TimeControl "180+1"]
[Date "2021.06.15"]
[WhiteClock "0:00:06"]
[BlackClock "0:00:18"]

1. b3 a5 2. c4 a4 3. b4 e5 4. a3 Nf6 5. Nc3 d5 6. cxd5 Nxd5 7. Nxa4 b5 8. Nc3 Bxb4 9. Nxd5 Qxd5 10. Bb2 Bc5 11. Qc2 O-O 12. e4 Qd6 13. Nf3 f6 14. Bxb5 Bxf2+ 15. Kxf2 Qb6+ 16. d4 Qxb5 17. Rab1 Kh8 18. Rhc1 Bg4 19. Qc5 Qxc5 20. Rxc5 Na6 21. Ra5 Bxf3 22. Kxf3 Rfb8 23. dxe5 fxe5 24. a4 Rb3+ 25. Kg4 Kg8 26. Kf5 c5 27. Rb5 Rb8 28. Kxe5 R8xb5 29. axb5 Rxb5 30. Kd5 h6 31. e5 Kf7 32. e6+ Ke8 33. e7 Rb4 34. Kd6 Rb6+ 35. Kd5 Kxe7 36. Re1+ Kf7 37. Be5 Rg6 38. Rf1+ Kg8 39. g3 Rg5 40. Ke4 Nb4 41. h4 Rg4+ 42. Kf5 h5 43. Rd1 Nc6 44. Bd6 Nd4+ 45. Ke5 Nf3+ 46. Kd5 c4 47. Kc5 c3 48. Bf4 Nxh4 49. Rc1 Ng6 50. Rxc3 Nxf4 51. gxf4 Rxf4 52. Kd5 Kh7 53. Ke5 Rf8 54. Rh3 Kh6 55. Rd3 g6 56. Rd7 h4 57. Ke4 g5 58. Rd6+ Kh5 59. Rd7 Kg4 60. Rh7 h3 61. Ke3 Kg3 62. Ke2 0-1


[Site "https://www.chess.com"]